[Event "Titled Tuesday Blitz May 2 Early 2023"]
[White "Allahverdiyeva, Ayan"]
[Black "Gulevich, Artem"]
[WhiteFideId "13412590"]
[BlackFideId "24119580"]
[WhiteElo "1980"]
[BlackElo "2218"]
[Result "1-0"]
[Round "01"]
[TimeControl "180+2"]
[Date "2023.05.02"]
[WhiteClock "0:00:00"]
[BlackClock "0:00:00"]

1. e4 c5 2. Nf3 Nc6 3. Bb5 Qb6 4. Nc3 Nd4 5. Nd5 Qg6 6. O-O Nxb5 7. Qe2 e6 8. a4 exd5 9. exd5+ Be7 10. axb5 d6 11. Re1 Bg4 12. b6 a6 13. d4 cxd4 14. Ra4 Kf8 15. Rc4 Rc8 16. Nxd4 Bxe2 17. Rxc8+ Bd8 18. Rxe2 Qf6 19. Nc6 g6 20. Rxd8+ Kg7 21. Be3 bxc6 22. b7 Qxd8 23. Ba7 cxd5 24. b8=Q Qxb8 25. Bxb8 Nf6 26. Bxd6 Rc8 27. Be5 Rc6 28. Bd4 Kf8 29. f3 Nd7 30. Kf2 f6 31. Ke1 Kf7 32. Kd2 Nc5 33. Re3 Ne6 34. Rd3 Nxd4 35. Rxd4 Ke6 36. Ra4 Rb6 37. b3 Ke5 38. Kd3 f5 39. g3 g5 40. f4+ gxf4 41. gxf4+ Ke6 42. Kd4 Rc6 43. c3 Kd6 44. Ra5 Ke6 45. Rxd5 Rb6 46. Re5+ Kf6 47. b4 Rd6+ 48. Rd5 Re6 49. Re5 Rc6 50. c4 Rd6+ 51. Rd5 Rb6 52. Kc5 Rb8 53. Rd6+ Ke7 54. Rxa6 Rc8+ 55. Kd5 Rd8+ 56. Ke5 Rb8 57. b5 Rc8 58. Ra7+ Kf8 59. Kf6 Ke8 60. c5 Rxc5 61. Rxh7 Rxb5 62. Rh5 Rb6+ 63. Kxf5 Kf7 64. Rh7+ Kg8 65. Rc7 Rb5+ 66. Kg4 Rb2 67. h4 Rg2+ 68. Kf5 Rh2 69. Kg5 Rg2+ 70. Kf6 Rh2 71. Kg5 Rg2+ 72. Kh6 Rg1 73. h5 Rg2 74. f5 Rg3 75. f6 Rg2 76. Rg7+ Kh8 77. f7 Rf2 78. Rg8# 1-0


[Site "https://www.chess.com"]

[Event "Titled Tuesday Blitz May 2 Early 2023"]
[White "Sellitti, Federico"]
[Black "Lobachev, Yury"]
[WhiteFideId "821829"]
[BlackFideId "24138177"]
[WhiteElo "2176"]
[BlackElo "2309"]
[Result "1-0"]
[Round "01"]
[TimeControl "180+2"]
[Date "2023.05.02"]
[WhiteClock "0:00:00"]
[BlackClock "0:00:00"]

1. e4 c5 2. Nc3 e6 3. g3 Nc6 4. Bg2 Nf6 5. Nge2 Be7 6. O-O O-O 7. d4 cxd4 8. Nxd4 a6 9. h3 Qc7 10. Nxc6 dxc6 11. Be3 e5 12. Qe2 b5 13. a3 Be6 14. f4 Bc4 15. Qf2 Bxf1 16. Rxf1 Nd7 17. f5 f6 18. g4 Rab8 19. Ne2 Nb6 20. Ng3 Nc4 21. Bc1 Qb6 22. g5 Qxf2+ 23. Kxf2 fxg5 24. Bf3 Bc5+ 25. Ke2 h6 26. Bh5 Rbd8 27. h4 gxh4 28. Nh1 Be7 29. Nf2 Bg5 30. b3 Bxc1 31. Rxc1 Nxa3 32. Ng4 Rd4 33. Ke3 g5 34. Nxe5 Rfd8 35. Ng4 Kg7 36. f6+ Kh7 37. Ne5 R4d6 38. Bg6+ Kh8 39. Nf7+ Kg8 40. Nxd6 Rxd6 41. e5 Rd5 42. Ke4 Rd2 43. e6 Nxc2 44. e7 Re2+ 45. Kf5 Nd4+ 46. Kg4 Rg2+ 47. Kh3 Rg3+ 48. Kh2 Re3 49. Rd1 Re2+ 50. Kh1 Ne6 51. e8=Q+ Nf8 52. Qf7+ Kh8 53. Qxf8# 1-0


[Site "https://www.chess.com"]

[Event "Titled Tuesday Blitz May 2 Early 2023"]
[White "Goswami, Vedant"]
[Black "Yaniuk, Volodymyr"]
[WhiteFideId "5003725"]
[BlackFideId "14133083"]
[WhiteElo "2011"]
[BlackElo "2141"]
[Result "0-1"]
[Round "01"]
[TimeControl "180+2"]
[Date "2023.05.02"]
[WhiteClock "0:00:00"]
[BlackClock "0:00:00"]

1. b3 d5 2. Bb2 Bf5 3. d3 Nf6 4. Nd2 Nbd7 5. Ngf3 h6 6. g3 e6 7. Bg2 Bb4 8. O-O O-O 9. a3 Ba5 10. c4 c6 11. b4 Bb6 12. Re1 Ng4 13. c5 Bc7 14. e4 Bh7 15. Qc2 Nge5 16. Qc3 Qf6 17. Nxe5 Nxe5 18. f4 Nxd3 19. e5 Qd8 20. Red1 Nxb2 21. Qxb2 b6 22. Nf3 a5 23. Nd4 Qd7 24. b5 bxc5 25. Nxc6 c4 26. a4 Bb6+ 27. Kh1 f6 28. Re1 Rae8 29. Rad1 Bc5 30. h4 Qf7 31. Bf3 Qg6 32. Kh2 fxe5 33. Nxe5 Qf6 34. Nd7 Qxb2+ 0-1


[Site "https://www.chess.com"]

[Event "Titled Tuesday Blitz May 2 Early 2023"]
[White "Ezat, Mohamed"]
[Black "Bashirli, Saadat"]
[WhiteFideId "10600906"]
[BlackFideId "13429990"]
[WhiteElo "2386"]
[BlackElo "1408"]
[Result "1-0"]
[Round "01"]
[TimeControl "180+2"]
[Date "2023.05.02"]
[WhiteClock "0:00:00"]
[BlackClock "0:00:00"]

1. d4 d5 2. c4 dxc4 3. e4 e5 4. Nf3 exd4 5. Bxc4 Bb4+ 6. Nbd2 Nc6 7. O-O Bg4 8. Qb3 Qe7 9. h3 Be6 10. a3 Bd6 11. Qxb7 Rb8 12. Qxc6+ Bd7 13. Qa6 Nh6 14. e5 Bc5 15. Ne4 Nf5 16. e6 fxe6 17. Bg5 Qf8 18. Bxe6 Rb6 19. Bxd7+ Kxd7 20. Qa4+ Kc8 21. Qxa7 Rxb2 22. Nxc5 1-0


[Site "https://www.chess.com"]

[Event "Titled Tuesday Blitz May 2 Early 2023"]
[White "Smietanska, Wiktoria"]
[Black "Akhmetov, Ayan"]
[WhiteFideId "21869359"]
[BlackFideId "13703706"]
[WhiteElo "1995"]
[BlackElo "2398"]
[Result "0-1"]
[Round "01"]
[TimeControl "180+2"]
[Date "2023.05.02"]
[WhiteClock "0:00:00"]
[BlackClock "0:00:00"]

1. c4 b6 2. Nc3 Bb7 3. e4 e6 4. d4 Bb4 5. Bd3 f5 6. Qe2 Qh4 7. d5 fxe4 8. Bxe4 Nf6 9. Bf3 O-O 10. dxe6 Nc6 11. Be3 Nd4 12. Bxd4 Qxd4 13. Bxb7 Bxc3+ 14. Kf1 Rae8 15. bxc3 Qxc3 16. Re1 Rxe6 17. Qd1 Qxc4+ 18. Ne2 Ng4 19. Bd5 Qxd5 20. Qxd5 Ne3+ 21. Kg1 Nxd5 22. f3 Rfe8 23. Kf2 c6 24. Nd4 Rxe1 25. Rxe1 Rxe1 26. Kxe1 g6 27. Nc2 Kf7 28. Na3 b5 29. Kd2 Ke6 30. Kd3 Ke5 31. Ke2 Nf4+ 32. Kf2 Nd3+ 33. Ke3 Nc1 34. Nc2 Nxa2 35. Kd2 b4 36. Na1 c5 37. Nb3 c4 38. Na5 d5 0-1


[Site "https://www.chess.com"]

[Event "Titled Tuesday Blitz May 2 Early 2023"]
[White "Aslanov, Umid"]
[Black "Kohler, Aran"]
[WhiteFideId "13412620"]
[BlackFideId "1002856"]
[WhiteElo "2013"]
[BlackElo "2010"]
[Result "0-1"]
[Round "01"]
[TimeControl "180+2"]
[Date "2023.05.02"]
[WhiteClock "0:00:01"]
[BlackClock "0:00:01"]

1. e3 c6 2. b3 d5 3. Bb2 Nf6 4. Nf3 a6 5. Be2 Bg4 6. O-O Nbd7 7. h3 Bxf3 8. Bxf3 e5 9. d4 e4 10. Be2 Bd6 11. c4 O-O 12. Nc3 Rc8 13. Rc1 Bb8 14. cxd5 cxd5 15. Na4 Rxc1 16. Qxc1 Qc7 17. Nc5 Qh2# 0-1


[Site "https://www.chess.com"]

[Event "Titled Tuesday Blitz May 2 Early 2023"]
[White "Marchesich, Giovanni"]
[Black "Gontcharov, Vladislav"]
[WhiteFideId "2824790"]
[BlackFideId "4123492"]
[WhiteElo "2209"]
[BlackElo "2420"]
[Result "0-1"]
[Round "01"]
[TimeControl "180+2"]
[Date "2023.05.02"]
[WhiteClock "0:00:00"]
[BlackClock "0:00:00"]

1. Nf3 Nf6 2. g3 c5 3. Bg2 Nc6 4. O-O e5 5. d3 d5 6. e4 Be7 7. Nc3 d4 8. Ne2 h6 9. Ne1 g5 10. f4 Rg8 11. Nf3 gxf4 12. gxf4 Ng4 13. Kh1 f6 14. Ng3 Be6 15. Nh4 Qd7 16. f5 Bf7 17. Bf3 h5 18. Qe2 O-O-O 19. Bd2 Kb8 20. Rg1 Rc8 21. b3 Nb4 22. Be1 Bf8 23. a3 Nc6 24. Bd2 Ne3 25. Bxe3 dxe3 26. Qxe3 Nd4 27. Qf2 Rh8 28. Bd1 Bh6 29. Ra2 Bg5 30. Ng6 Rh6 31. Bxh5 Bxg6 32. Bxg6 Rch8 33. Rg2 Bf4 34. Nf1 Qe7 35. Rb2 Rh4 36. c3 Nc6 37. b4 cxb4 38. axb4 Qf8 39. Ra2 a6 40. Qc5 Qh6 41. Qd6+ Kc8 42. Qe6+ Kc7 43. Qf7+ Kb6 44. c4 Bxh2 45. c5+ Ka7 46. Rxh2 Qf4 47. b5 Qxf1# 0-1


[Site "https://www.chess.com"]

[Event "Titled Tuesday Blitz May 2 Early 2023"]
[White "Priyanka Nutakki"]
[Black "Singh, Arvinder Preet"]
[WhiteFideId "25049615"]
[BlackFideId "5013240"]
[WhiteElo "2268"]
[BlackElo "2124"]
[Result "0-1"]
[Round "01"]
[TimeControl "180+2"]
[Date "2023.05.02"]
[WhiteClock "0:00:00"]
[BlackClock "0:00:00"]

1. c4 c5 2. Nc3 Nf6 3. Nf3 d5 4. cxd5 Nxd5 5. e3 Nc6 6. d4 cxd4 7. exd4 g6 8. Qb3 Nxc3 9. Bc4 Nd5 10. Bxd5 e6 11. Bxc6+ bxc6 12. O-O Bg7 13. Qe3 O-O 14. Bd2 Ba6 15. Rfc1 Qb6 16. Rab1 Rac8 17. Ne5 Rfd8 18. Bc3 Rd5 19. Qf3 Bxe5 20. dxe5 c5 21. h4 h5 22. Rd1 Bb7 23. Rxd5 Bxd5 24. Qe3 Bxa2 25. Ra1 Bd5 26. Ra4 Qb3 27. Rf4 Qd1+ 28. Kh2 Qf1 29. Qg3 Rd8 30. Rf6 Qb1 31. Qg5 Qe4 32. Rxg6+ Qxg6 33. Qxd8+ Kh7 34. Qg5 Qxg5 35. hxg5 Kg6 36. f4 Kf5 37. Bd2 Kg4 38. Be3 c4 39. g3 a5 40. Bd2 a4 41. Bc1 Be4 42. Bd2 Kf3 43. Kh3 Ke2 44. Bc3 Kd3 45. Be1 Kc2 46. Bc3 a3 0-1


[Site "https://www.chess.com"]

[Event "Titled Tuesday Blitz May 2 Early 2023"]
[White "Adithya A Chullikkad"]
[Black "Janaszak, Dawid"]
[WhiteFideId "45078734"]
[BlackFideId "1119206"]
[WhiteElo "1984"]
[BlackElo "2220"]
[Result "0-1"]
[Round "01"]
[TimeControl "180+2"]
[Date "2023.05.02"]
[WhiteClock "0:00:00"]
[BlackClock "0:00:00"]

1. d4 Nf6 2. c4 e6 3. Nc3 Bb4 4. Qc2 d5 5. cxd5 exd5 6. Bg5 h6 7. Bh4 g5 8. Bg3 Ne4 9. e3 c5 10. Bb5+ Nc6 11. Ne2 Bf5 12. Qa4 O-O 13. f3 Nxg3 14. hxg3 Kg7 15. Bxc6 bxc6 16. Qxc6 Bg6 17. Kf2 Re8 18. Qxd5 Qe7 19. e4 Rad8 20. Qe5+ Qxe5 21. dxe5 Rd2 22. Nd5 Rxe5 23. Rhd1 Rxb2 24. Rdb1 Rd2 25. Nxb4 cxb4 26. Rxb4 Rc5 27. Rd4 Rb2 28. a4 Rcc2 29. Re1 f5 30. e5 Bf7 31. Rd7 Kg6 32. Rd6+ Kg7 33. Rd7 Kf8 34. Ke3 a5 35. g4 f4+ 36. Ke4 Rxe2+ 37. Rxe2 Bg6+ 38. Kd5 Rxe2 39. Ke6 Be8 40. Kf6 Bxd7 0-1


[Site "https://www.chess.com"]

[Event "Titled Tuesday Blitz May 2 Early 2023"]
[White "Berezin, Viktor"]
[Black "Cesar Maestre, Bernardo"]
[WhiteFideId "14107872"]
[BlackFideId "24542547"]
[WhiteElo "2310"]
[BlackElo "2271"]
[Result "1-0"]
[Round "01"]
[TimeControl "180+2"]
[Date "2023.05.02"]
[WhiteClock "0:00:00"]
[BlackClock "0:00:00"]

1. d4 Nf6 2. c4 e6 3. Nf3 d5 4. g3 Be7 5. Bg2 O-O 6. O-O dxc4 7. Qc2 a6 8. a4 Bd7 9. Qxc4 Bc6 10. Bg5 Nbd7 11. Nc3 h6 12. Bxf6 Nxf6 13. a5 Ne4 14. Rfd1 Nxc3 15. bxc3 Qd5 16. Qd3 Bb5 17. Qc2 Qd8 18. c4 Be8 19. Rab1 Rb8 20. Ne5 c6 21. Qc3 Bf6 22. Ng4 Be7 23. e4 Qc7 24. h4 f5 25. exf5 exf5 26. Ne5 Bf6 27. Re1 Rd8 28. Rbd1 Bh5 29. Rd2 Rfe8 30. f4 Re7 31. Kh2 Kh8 32. Rb1 Be8 33. Rdb2 Qc8 34. Re1 g5 35. hxg5 hxg5 36. Rbe2 gxf4 37. Ng6+ Bxg6 38. Rxe7 Bxe7 39. d5+ Kg8 40. Rxe7 Bf7 41. Qf6 1-0


[Site "https://www.chess.com"]

[Event "Titled Tuesday Blitz May 2 Early 2023"]
[White "Budrewicz, Krzysztof"]
[Black "Barria Santos, Jose Guilherme"]
[WhiteFideId "1127950"]
[BlackFideId "1939300"]
[WhiteElo "2230"]
[BlackElo "2266"]
[Result "1-0"]
[Round "01"]
[TimeControl "180+2"]
[Date "2023.05.02"]
[WhiteClock "0:00:01"]
[BlackClock "0:00:00"]

1. d4 d5 2. c4 e6 3. Nc3 Be7 4. Nf3 Nf6 5. Bg5 Nbd7 6. e3 c6 7. Qd2 O-O 8. h4 h6 9. Bxf6 Bxf6 10. O-O-O Re8 11. g4 e5 12. cxd5 exd4 13. exd4 cxd5 14. g5 Be7 15. gxh6 Nf6 16. Bd3 Qc7 17. hxg7 Bd6 18. Ne5 Rxe5 19. dxe5 Bxe5 20. Kb1 Be6 21. Qh6 1-0


[Site "https://www.chess.com"]

[Event "Titled Tuesday Blitz May 2 Early 2023"]
[White "Pham, Khoi"]
[Black "Antonio, Jorge Carlos"]
[WhiteFideId "1054988"]
[BlackFideId "113190"]
[WhiteElo "2355"]
[BlackElo "2247"]
[Result "1/2-1/2"]
[Round "01"]
[TimeControl "180+2"]
[Date "2023.05.02"]
[WhiteClock "0:00:00"]
[BlackClock "0:00:00"]

1. d4 d5 2. c4 c6 3. Nc3 dxc4 4. Nf3 b5 5. e4 e6 6. Be2 Nf6 7. O-O Bb7 8. Qc2 Be7 9. e5 Nd5 10. b3 b4 11. Nxd5 cxd5 12. bxc4 dxc4 13. Bxc4 O-O 14. Rd1 Bd5 15. Be3 a5 16. Rac1 Na6 17. Bxd5 Qxd5 18. Bg5 Bd8 19. Bxd8 Qxd8 20. d5 Rc8 21. Qe2 Rxc1 22. Rxc1 Qxd5 23. Qxa6 Qxa2 24. h4 b3 25. Rc8 g6 26. Rxf8+ Kxf8 27. Kh2 b2 28. Qc8+ Kg7 29. Qd8 b1=Q 30. Qf6+ Kh6 31. Qg5+ Kg7 32. Qf6+ Kh6 33. Qg5+ Kg7 34. Qf6+ 1/2-1/2


[Site "https://www.chess.com"]

[Event "Titled Tuesday Blitz May 2 Early 2023"]
[White "Al-Tarboush, Ward"]
[Black "Goldin, Roman"]
[WhiteFideId "7601450"]
[BlackFideId "2803860"]
[WhiteElo "2265"]
[BlackElo "2312"]
[Result "1-0"]
[Round "01"]
[TimeControl "180+2"]
[Date "2023.05.02"]
[WhiteClock "0:00:00"]
[BlackClock "0:00:00"]

1. d4 Nf6 2. Nc3 d5 3. Bg5 Nbd7 4. Nf3 g6 5. e3 Bg7 6. Bd3 O-O 7. O-O c5 8. Re1 b6 9. dxc5 Nxc5 10. e4 dxe4 11. Nxe4 Nxd3 12. cxd3 Bb7 13. Nxf6+ exf6 14. Bf4 Qd5 15. Qe2 Rad8 16. d4 g5 17. Bg3 h5 18. Red1 h4 19. Bc7 Rd7 20. Rac1 Rc8 21. Bf4 gxf4 22. Rxc8+ Bxc8 23. Qe8+ Kh7 24. Qxc8 h3 25. Qc2+ Kg8 26. Qc8+ Bf8 27. Re1 hxg2 28. Re8 Qd6 29. Rxf8+ Qxf8 30. Qxd7 Qb4 31. Kxg2 Qxb2 32. Qxa7 Qc2 33. Qb8+ Kg7 34. Qxf4 Qxa2 35. d5 Qxd5 36. Qg4+ Kf8 37. h4 b5 38. h5 Qd3 39. h6 Ke7 40. Qg7 1-0


[Site "https://www.chess.com"]

[Event "Titled Tuesday Blitz May 2 Early 2023"]
[White "Nissinen, Niilo Man"]
[Black "Tasev, Dejan"]
[WhiteFideId "30950767"]
[BlackFideId "936618"]
[WhiteElo "1952"]
[BlackElo "2244"]
[Result "0-1"]
[Round "01"]
[TimeControl "180+2"]
[Date "2023.05.02"]
[WhiteClock "0:00:00"]
[BlackClock "0:00:00"]

1. e4 e6 2. d4 d5 3. e5 c5 4. c3 cxd4 5. cxd4 Nc6 6. Nf3 Bd7 7. a3 Rc8 8. Nc3 a6 9. Bd3 Nge7 10. Bc2 Na5 11. O-O h6 12. Ne1 g6 13. Nd3 Nf5 14. Ne2 Nc6 15. Be3 Be7 16. g4 Nxe3 17. fxe3 Bg5 18. Nef4 Rc7 19. Nc5 Rg8 20. Qf3 Bc8 21. Nxg6 b6 22. Nb3 fxg6 23. Bxg6+ Rxg6 24. Qf8+ Kd7 25. Qf7+ Ne7 26. e4 Bb7 27. Rf6 Qg8 28. Qxe6+ Qxe6 0-1


[Site "https://www.chess.com"]

[Event "Titled Tuesday Blitz May 2 Early 2023"]
[White "Levitan, Caleb Levi"]
[Black "Munkhgal, Gombosuren"]
[WhiteFideId "14332620"]
[BlackFideId "4901266"]
[WhiteElo "1963"]
[BlackElo "2528"]
[Result "0-1"]
[Round "01"]
[TimeControl "180+2"]
[Date "2023.05.02"]
[WhiteClock "0:00:00"]
[BlackClock "0:00:00"]

1. e4 e6 2. d4 d5 3. Nc3 Bb4 4. e5 c5 5. Bd2 Nc6 6. Nb5 Bxd2+ 7. Qxd2 Nxd4 8. Nxd4 cxd4 9. f4 Ne7 10. Nf3 Nc6 11. Bd3 Qb6 12. O-O Bd7 13. Qf2 O-O-O 14. a4 Kb8 15. b3 h6 16. Rfd1 Rdg8 17. Bb5 g5 18. Bxc6 bxc6 19. a5 Qd8 20. Qxd4 gxf4 21. Qxf4 Rg7 22. Rd2 Rhg8 23. Qb4+ Ka8 24. Kh1 Qb8 25. Qf4 c5 26. Qxh6 d4 27. Qf4 Bc6 28. Rg1 Qb4 29. Rf2 Qc3 30. Nd2 Qxc2 31. h3 Rg3 32. Kh2 Qh7 33. Nf1 Bxg2 34. Nxg3 Qxh3# 0-1


[Site "https://www.chess.com"]

[Event "Titled Tuesday Blitz May 2 Early 2023"]
[White "Leenhouts, Koen"]
[Black "Thiel, Thomas"]
[WhiteFideId "1008439"]
[BlackFideId "4615964"]
[WhiteElo "2409"]
[BlackElo "2234"]
[Result "1-0"]
[Round "01"]
[TimeControl "180+2"]
[Date "2023.05.02"]
[WhiteClock "0:00:00"]
[BlackClock "0:00:00"]

1. e4 d5 2. exd5 Nf6 3. Bb5+ Nbd7 4. d4 Nxd5 5. Nf3 c6 6. Be2 g6 7. O-O Bg7 8. c4 Nc7 9. Nc3 O-O 10. Bg5 Nf6 11. Qd2 Re8 12. Rad1 Bf5 13. h3 Ne4 14. Nxe4 Bxe4 15. Rfe1 Ne6 16. Be3 Rc8 17. b3 b6 18. Ng5 Nxg5 19. Bxg5 Qd7 20. Bg4 Bf5 21. Bf3 h5 22. Bh6 Bh8 23. d5 cxd5 24. Bxd5 Red8 25. Qg5 Bf6 26. Qg3 e6 27. Bf3 Qe7 28. Bxh5 Bh4 29. Qe5 Rxd1 30. Qg7# 1-0


[Site "https://www.chess.com"]

[Event "Titled Tuesday Blitz May 2 Early 2023"]
[White "Reprintsev, Alexander"]
[Black "Senft, Sean"]
[WhiteFideId "14100541"]
[BlackFideId "2044960"]
[WhiteElo "2211"]
[BlackElo "1989"]
[Result "1/2-1/2"]
[Round "01"]
[TimeControl "180+2"]
[Date "2023.05.02"]
[WhiteClock "0:00:00"]
[BlackClock "0:00:00"]

1. e4 c5 2. b3 Nc6 3. Bb2 d6 4. Bb5 Bd7 5. Ne2 e5 6. d3 g6 7. Nd2 Bg7 8. O-O Nge7 9. f4 O-O 10. Nf3 Nd4 11. Nexd4 cxd4 12. Bxd7 Qxd7 13. c3 dxc3 14. Bxc3 exf4 15. Bxg7 Kxg7 16. Qd2 Nc6 17. Qxf4 f5 18. Rae1 fxe4 19. Qxe4 Rae8 20. Qd5 Rf5 21. Qc4 Ne5 22. Qc3 Kg8 23. Nd4 Rxf1+ 24. Rxf1 Rf8 25. Rxf8+ Kxf8 26. Qa5 Qg4 27. Qd8+ Kg7 28. Qe7+ Kh6 29. Qf8+ Kh5 30. Qf2 Nxd3 31. Qf3 Qxf3 32. gxf3 Kg5 33. Nb5 Nc1 34. Nxd6 Nxa2 35. Nxb7 Kf4 36. Kf2 Nc1 37. Nc5 Na2 38. Nd3+ Kf5 39. Ke3 Nc3 40. Kd4 Ne2+ 41. Kc5 g5 42. b4 h5 43. b5 h4 44. Kc6 h3 45. Kb7 Nd4 46. Kxa7 Nxb5+ 47. Kb6 Nd4 48. Nf2 Nxf3 49. Nxh3 g4 50. Nf2 Nxh2 51. Nxg4 1/2-1/2


[Site "https://www.chess.com"]

[Event "Titled Tuesday Blitz May 2 Early 2023"]
[White "Danielyan, Vahe"]
[Black "Floresvillar Gonzalez, Luis Migu"]
[WhiteFideId "13304828"]
[BlackFideId "5100542"]
[WhiteElo "2423"]
[BlackElo "2040"]
[Result "1-0"]
[Round "01"]
[TimeControl "180+2"]
[Date "2023.05.02"]
[WhiteClock "0:00:00"]
[BlackClock "0:00:00"]

1. d4 d5 2. c4 c6 3. Nc3 Nf6 4. Nf3 dxc4 5. a4 Bf5 6. Ne5 Nbd7 7. Nxc4 e6 8. f3 Bb4 9. e4 Bg6 10. Be2 O-O 11. O-O Qe7 12. Be3 Rad8 13. Qb3 a5 14. Rfd1 c5 15. Nb5 cxd4 16. Bxd4 e5 17. Bf2 Bc5 18. Ne3 b6 19. Rac1 Rc8 20. Nc3 Rfd8 21. Ncd5 Nxd5 22. Nxd5 Bxf2+ 23. Kxf2 Qh4+ 24. Kg1 h6 25. Qe3 Qg5 26. Qxg5 hxg5 27. Rxc8 Rxc8 28. Ne7+ Kf8 29. Nxc8 Nc5 30. Nxb6 f6 31. Nd7+ Nxd7 32. Rxd7 1-0


[Site "https://www.chess.com"]

[Event "Titled Tuesday Blitz May 2 Early 2023"]
[White "Jimenez Fernandez, Rebeca"]
[Black "Ozates, Tuna"]
[WhiteFideId "32070934"]
[BlackFideId "6354521"]
[WhiteElo "2008"]
[BlackElo "2151"]
[Result "1-0"]
[Round "01"]
[TimeControl "180+2"]
[Date "2023.05.02"]
[WhiteClock "0:00:00"]
[BlackClock "0:00:00"]

1. e4 c5 2. Nc3 Nc6 3. g3 g6 4. Bg2 Bg7 5. d3 d6 6. Be3 e5 7. Qd2 Be6 8. f4 Qd7 9. Nf3 Nd4 10. Ng5 exf4 11. Bxf4 Ne7 12. O-O O-O 13. Nxe6 fxe6 14. Bh6 Nec6 15. Bxg7 Qxg7 16. Kh1 Rxf1+ 17. Rxf1 Rf8 18. Nd1 Rxf1+ 19. Bxf1 Qf6 20. Bg2 Ne5 21. c3 Ndc6 22. Nf2 c4 23. d4 Nd7 24. Qf4 Qxf4 25. gxf4 e5 26. fxe5 dxe5 27. Bh3 Nf6 28. Be6+ Kf8 29. d5 Nd8 30. Bc8 b6 31. Ba6 Nf7 32. Bxc4 Ke7 33. Bd3 Kd6 34. Kg2 Nh5 35. Kf3 Nf4 36. Bf1 h5 37. Nd3 g5 38. h4 g4+ 39. Ke3 Ng6 40. c4 Nxh4 41. b4 Nf3 42. c5+ Kd7 43. Bg2 Nd4 44. Nxe5+ Nxe5 45. Kxd4 Ng6 46. e5 h4 47. Be4 h3 48. Bxg6 g3 49. Bf5+ Ke7 50. Bxh3 bxc5+ 51. bxc5 1-0


[Site "https://www.chess.com"]

[Event "Titled Tuesday Blitz May 2 Early 2023"]
[White "Krsnik Cohar, Ivan Vihor"]
[Black "Wimalasuriya, Kasun M."]
[WhiteFideId "14520044"]
[BlackFideId "9906789"]
[WhiteElo "2414"]
[BlackElo "1781"]
[Result "0-1"]
[Round "01"]
[TimeControl "180+2"]
[Date "2023.05.02"]
[WhiteClock "0:00:00"]
[BlackClock "0:00:00"]

1. e4 c5 2. Ne2 Nc6 3. g3 g6 4. Bg2 Bg7 5. c3 e6 6. d4 cxd4 7. cxd4 Nge7 8. d5 Nb8 9. d6 Nec6 10. Nbc3 O-O 11. O-O a6 12. a4 b6 13. Be3 Bb7 14. f4 Na5 15. Bd4 Nbc6 16. Bxg7 Kxg7 17. e5 Rb8 18. Ne4 Nc4 19. Qc1 b5 20. Nf6 Qb6+ 21. Kh1 Rfd8 22. Nc3 Ne3 23. a5 Qa7 24. f5 Nxg2 25. Qg5 Qe3 26. Nh5+ Kg8 27. Rf4 Nxf4 28. Nf6+ Kh8 0-1


[Site "https://www.chess.com"]

[Event "Titled Tuesday Blitz May 2 Early 2023"]
[White "Dilanyan, Grigor"]
[Black "Ruge, Edison"]
[WhiteFideId "13303570"]
[BlackFideId "4401000"]
[WhiteElo "2229"]
[BlackElo "2175"]
[Result "1-0"]
[Round "01"]
[TimeControl "180+2"]
[Date "2023.05.02"]
[WhiteClock "0:00:00"]
[BlackClock "0:00:00"]

1. e4 e5 2. Nf3 Nc6 3. d4 exd4 4. Bc4 Nf6 5. O-O Nxe4 6. Nc3 Nxc3 7. bxc3 d5 8. Bb5 dxc3 9. Ne5 Bd7 10. Nxd7 Qxd7 11. Re1+ Kd8 12. Rb1 a6 13. Be2 Bc5 14. Bg4 Qd6 15. Bg5+ f6 16. Re6 Qxe6 17. Bxe6 fxg5 18. Qxd5+ Bd6 19. Rxb7 Ne7 20. Qxg5 g6 21. Qf6 Re8 22. g3 a5 23. a4 Bc5 24. Qxc3 Bd6 25. Qc4 Nf5 26. Rb1 Ke7 27. Bd5 Rad8 28. Bc6 Rf8 29. Re1+ Kf6 30. Qe6+ Kg7 31. h4 Rf6 32. Qb3 Rdf8 33. Qc3 Kh6 34. Qxa5 1-0


[Site "https://www.chess.com"]

[Event "Titled Tuesday Blitz May 2 Early 2023"]
[White "Ciuffoletti, Paolo"]
[Black "Loiacono, Antonio"]
[WhiteFideId "807630"]
[BlackFideId "895415"]
[WhiteElo "2143"]
[BlackElo "2257"]
[Result "0-1"]
[Round "01"]
[TimeControl "180+2"]
[Date "2023.05.02"]
[WhiteClock "0:00:00"]
[BlackClock "0:00:00"]

1. e4 e5 2. Nf3 Nc6 3. Bc4 Bc5 4. b4 Bxb4 5. c3 Be7 6. d4 Na5 7. Nxe5 Nxc4 8. Nxc4 d5 9. exd5 Qxd5 10. Ne3 Qa5 11. O-O Nf6 12. c4 c6 13. Bb2 Be6 14. Nd2 O-O 15. Nb3 Qa6 16. Qc2 Rfd8 17. Rad1 Rac8 18. Ba1 b5 19. cxb5 cxb5 20. Nc5 Qxa2 21. Bb2 Qa5 22. Ra1 Qb6 23. Rfc1 Nd7 24. Nxd7 Rxc2 25. Nxb6 Rxc1+ 26. Rxc1 axb6 27. Rc6 Bf6 28. Rxb6 Bc4 29. h3 h6 30. Rc6 Bxd4 31. Bxd4 Rxd4 32. Nf5 Rd2 33. Rc8+ Kh7 34. Ne3 Be6 35. Rb8 Rb2 36. Ng4 Bxg4 37. hxg4 b4 38. Kh2 b3 39. f3 Kg6 40. Kg3 Kf6 41. Kh3 g5 42. Rb7 Ke6 43. Kg3 f6 44. Rb6+ Ke5 45. Rb7 Rb1 46. Kf2 Kd4 0-1


[Site "https://www.chess.com"]

[Event "Titled Tuesday Blitz May 2 Early 2023"]
[White "Demin, Vladimir"]
[Black "Kiseljova, Marya"]
[WhiteFideId "4167457"]
[BlackFideId "4155009"]
[WhiteElo "2430"]
[BlackElo "1851"]
[Result "1-0"]
[Round "01"]
[TimeControl "180+2"]
[Date "2023.05.02"]
[WhiteClock "0:00:01"]
[BlackClock "0:00:00"]

1. e4 c5 2. Nf3 Nc6 3. c3 Nf6 4. e5 Nd5 5. d4 cxd4 6. cxd4 d6 7. Bc4 Nb6 8. Bb5 Bg4 9. h3 Bxf3 10. Qxf3 d5 11. e6 fxe6 12. Qh5+ Kd7 13. O-O a6 14. Bxc6+ bxc6 15. Nc3 Qc7 16. Re1 g6 17. Qg4 Qd6 18. Bf4 h5 19. Qg3 Qb4 20. Qxg6 Qxd4 21. Qxe6+ Kd8 22. Be5 Rh6 23. Qf5 Rf6 24. Qxf6 exf6 25. Bxd4 Be7 26. Bxb6+ Kd7 27. Na4 Rb8 28. a3 Bd6 29. b4 Be5 30. Rad1 1-0


[Site "https://www.chess.com"]

[Event "Titled Tuesday Blitz May 2 Early 2023"]
[White "Osiecki, Stanislaw"]
[Black "Jovic, Stanoje"]
[WhiteFideId "1102990"]
[BlackFideId "905020"]
[WhiteElo "2088"]
[BlackElo "2236"]
[Result "0-1"]
[Round "01"]
[TimeControl "180+2"]
[Date "2023.05.02"]
[WhiteClock "0:00:00"]
[BlackClock "0:00:00"]

1. e4 c6 2. d4 d5 3. e5 c5 4. dxc5 e6 5. Nf3 Bxc5 6. Bd3 Ne7 7. O-O Ng6 8. Re1 Qb6 9. Qe2 Bd7 10. c3 a5 11. Nbd2 a4 12. Nf1 Nc6 13. Ng3 O-O 14. h4 f6 15. Bxg6 hxg6 16. exf6 gxf6 17. Qc2 Kf7 18. h5 Rg8 19. h6 e5 20. h7 Rg7 21. Nh4 Rh8 22. Bh6 Rhxh7 23. Bxg7 Rxg7 24. b4 Bd6 25. Qxa4 e4 26. Nh1 Rh7 27. g3 Ne5 28. Qc2 Rxh4 29. gxh4 Nf3+ 30. Kg2 Be5 31. Ng3 Nxh4+ 32. Kf1 Bb5+ 33. Ne2 Qe6 34. Red1 Qh3+ 35. Ke1 Nf3# 0-1


[Site "https://www.chess.com"]

[Event "Titled Tuesday Blitz May 2 Early 2023"]
[White "Mortazavi, Ali"]
[Black "Vargas Rodriguez, Wilver"]
[WhiteFideId "401323"]
[BlackFideId "3509672"]
[WhiteElo "2339"]
[BlackElo "2224"]
[Result "1-0"]
[Round "01"]
[TimeControl "180+2"]
[Date "2023.05.02"]
[WhiteClock "0:00:00"]
[BlackClock "0:00:00"]

1. Nf3 d5 2. g3 Nf6 3. Bg2 c6 4. O-O Bf5 5. d3 e6 6. c4 h6 7. Be3 Be7 8. Qb3 Qc7 9. Nc3 Nbd7 10. cxd5 exd5 11. Rac1 Nc5 12. Bxc5 Bxc5 13. Nxd5 Nxd5 14. Rxc5 Be6 15. Nd4 Qb6 16. Nxe6 fxe6 17. Qc2 O-O 18. d4 Qa6 19. a3 Rf6 20. Qe4 Raf8 21. Bh3 Nc7 22. Re5 Qc4 23. e3 Qb3 24. Qb1 Qc4 25. Rc5 Qe2 26. Rc2 Qf3 27. Bg2 Qh5 28. Rc5 1-0


[Site "https://www.chess.com"]